 Dungeon Crawl Stone Soup version 0.28.0-43-g3370ac3207 (webtiles) character file.

Game seed: 797260844719381948

114 experimilk the Vexing (level 4, -3/21 HPs)
             Began as a Spriggan Arcane Marksman on Mar 12, 2022.
             Killed from afar by Natasha (6 damage)
             ... with a magic dart
             ... on level 2 of the Dungeon.
             The game lasted 00:12:39 (3523 turns).

experimilk the Vexing (Spriggan Arcane Marksman)    Turns: 3523, Time: 00:12:39

Health: -3/21      AC:  2    Str:  6    XL:     4   Next: 66%
Magic:  7/7        EV: 17    Int: 14    God:
Gold:   117        SH:  0    Dex: 17    Spells: 1/5 levels left

rFire   . . .      SeeInvis +   a - +0 hunting sling
rCold   . . .      Faith    .   (no shield)
rNeg    . . .      Spirit   .   d - +0 robe
rPois   .          Reflect  .   (helmet restricted)
rElec   .          Harm     .   (no cloak)
rCorr   .          Rampage  .   (gloves unavailable)
Will    .....                   (boots unavailable)
Stlth   ++........              (no amulet)
HPRegen 0.07/turn               (no ring)
MPRegen 0.10/turn               (no ring)

@: hasted and slowed, very quick
A: very small, no large weapons, unfitting armour, see invisible, speed 3
a: no special abilities


You were on level 2 of the Dungeon.
You visited 1 branch of the dungeon, and saw 3 of its levels.

You collected 117 gold pieces.

Inventory:

Hand Weapons
 a - a +0 hunting sling (weapon)
 e - a +0 short sword
Missiles
 c - 12 sling bullets (quivered ammo)
 f - 68 stones
Armour
 d - a +0 robe (worn)
Scrolls
 b - a scroll of teleportation {unknown}
 g - a scroll of identify
 i - 2 scrolls of blinking {unknown}
 k - 3 scrolls of vulnerability {unknown}
Potions
 h - a potion of brilliance {unknown}
 j - 2 potions of resistance


   Skills:
 - Level 0.7 Fighting
 + Level 4.5 Slings
 - Level 2.6 Dodging
 - Level 1.3 Spellcasting
 + Level 5.3 Hexes


You had one spell level left.
You knew the following spells:

 Your Spells              Type           Power      Damage    Failure   Level
a - Slow                  Hex            60%        N/A       3%          1
b - Inner Flame           Hex/Fire       8%         N/A       26%         3

Your spell library contained the following spells:

 Spells                   Type           Power      Damage    Failure   Level
 Portal Projectile        Hex/Tloc       16%        N/A       26%         3
 Cause Fear               Hex            7%         N/A       28%         4


Dungeon Overview and Level Annotations

Branches:
Dungeon (3/15)

Altars:

Annotations:
D:2 Natasha
D:3 Jessica


Innate Abilities, Weirdness & Mutations

You are very small and have problems with some larger weapons.
You are too small for most types of armour.
You have supernaturally acute eyesight. (SInv)
You cover ground extremely quickly. (Speed+++)


Message History

Press: ? - help, Q - select action, (/) - cycle Shift-Dir - straight line, f/p - Natasha
Aim: Natasha (moderately wounded, slow, 55% to hit)
You shoot a sling bullet. The sling bullet hits Natasha.
Natasha is heavily wounded.
Natasha casts a spell at you. The magic dart hits you.
* * * LOW HITPOINT WARNING * * *
Fire: 17 sling bullets
Press: ? - help, Q - select action, (/) - cycle Shift-Dir - straight line, f/p - Natasha
Aim: Natasha (heavily wounded, slow, 55% to hit)
You shoot a sling bullet.
The sling bullet closely misses Natasha.
Fire: 16 sling bullets
Press: ? - help, Q - select action, (/) - cycle Shift-Dir - straight line, f/p - Natasha
Aim: Natasha (heavily wounded, slow, 55% to hit)
You shoot a sling bullet.
The sling bullet closely misses Natasha.
Natasha stares at you and mumbles some strange words.
You feel yourself slow down.
Unknown command.
Unknown command.
It was a potion of haste.
You feel yourself speed up.
Fire: 15 sling bullets
Press: ? - help, Q - select action, (/) - cycle Shift-Dir - straight line, f/p - Natasha
Aim: Natasha (heavily wounded, 55% to hit)
You shoot a sling bullet. The sling bullet barely misses Natasha.
Fire: 14 sling bullets
Press: ? - help, Q - select action, (/) - cycle Shift-Dir - straight line, f/p - Natasha
Aim: Natasha (heavily wounded, 55% to hit)
You shoot a sling bullet. The sling bullet hits Natasha.
Natasha is severely wounded.
Natasha hisses.
Fire: 13 sling bullets
Press: ? - help, Q - select action, (/) - cycle Shift-Dir - straight line, f/p - Natasha
Aim: Natasha (severely wounded, 55% to hit)
You shoot a sling bullet.
The sling bullet closely misses Natasha.
Natasha casts a spell at you. The magic dart hits you.
You die...

...........##..###.......##..#..#
######.....##...('.......##.[#...
#.....##.##.######8..#..#...
#.....##.##.# ##..######'
#.######.##(# ##'##..##..
#.######.##h# #..........
#.........#.# #......†...
#####.##.##.# ###########
#.##.##@# #....##.# #######.# #.#
#.# ###


You could see Natasha.

Vanquished Creatures
  Natasha (D:2)
  An adder (D:2)
  A gnoll (D:1)
  A worm (D:2)
  A dart slug (D:1)
  6 bats
  9 endoplasms
  2 giant cockroaches (D:2)
  2 goblins
  2 hobgoblins (D:2)
  6 jackals (D:1)
  3 quokkas
  6 ball pythons (D:1)
  12 frilled lizards (D:2)
  6 kobolds
  5 rats
64 creatures vanquished.

Vanquished Creatures (others)
  7 plants (D:2)
7 creatures vanquished.

Grand Total: 71 creatures vanquished

Notes
Turn   | Place    | Note
-------+----------+-------------------------------------------
     0 | D:1      | experimilk the Spriggan Arcane Marksman began the quest for
                  | the Orb.
     0 | D:1      | Reached XP level 1. HP: 9/9 MP: 3/3
   285 | D:1      | Reached skill level 4 in Hexes
   285 | D:1      | Reached XP level 2. HP: 14/14 MP: 3/5
   621 | D:1      | Reached XP level 3. HP: 17/17 MP: 4/6
  1792 | D:2      | Learned a level 3 spell: Inner Flame
  1982 | D:2      | Reached XP level 4. HP: 21/21 MP: 5/7
  2303 | D:2      | Reached skill level 5 in Hexes
  3269 | D:3      | Noticed Natasha
  3269 | D:3      | Noticed Jessica
  3269 | D:3      | Found a faded altar of an unknown god.
  3330 | D:2      | Killed Natasha
  3488 | D:2      | Noticed Natasha
  3523 | D:2      | Killed from afar by Natasha

Illustrated notes

Levels and vault maps discovered:
D:1:      dpeg_arrival_rhombus, layout_basic, minmay_ruptured
D:2:      minmay_chambers_of_twos, layout_basic, minmay_lizard_king
D:3:      layout_basic, nicolae_ecumenical_pavilion, serial_shops, shop,
          st_stairs_4, guppyfry_early_lair_pool, uniq_pargi, uniq_natasha,
          uniq_jessica

Skill      XL: |  1  2  3  4 |
---------------+-------------+-----
Hexes          | 4 5 |  5.3
Slings         | 3 4 |  4.5
Fighting       | |  0.7
Dodging        | |  2.6
Spellcasting   | |  1.3

Action                   |  1- 3 |  4- 6 || total
-------------------------+-------+-------++-------
 Fire: Hunting sling     |   145 |   112 ||   257
 Cast: Slow              |    20 |     9 ||    29
  Use: Scroll            |     2 |       ||     2
       Potion            |       |     1 ||     1
Armor: Robe              |     5 |     6 ||    11
Dodge: Dodged            |    31 |    21 ||    52
